 Seeded DCSS version 0.30.0-10-gfe55d96785 (webtiles) character file.

Game seed: 7556152836679985915 (custom seed)

49 Mickster the Chopper (level 3, -2/31 (33) HPs)
             Began as a Hill Orc Berserker on May 14, 2023.
             Was a Follower of Trog.
             Slain by a hell rat (5 damage)
             ... in a sewer.
             The game lasted 00:07:40 (960 turns).

Mickster the Chopper (Hill Orc Berserker)            Turns: 960, Time: 00:07:40

HP:   -2/31 (33)    AC:  8    Str: 21    XL:     3   Next: 75%
MP:   3/3           EV:  8    Int:  7    God:    Trog [*.....]
Gold: 37            SH:  0    Dex: 10    Spells: 2/2 levels left

rFire   . . .        a - +0 hand axe
rCold   . . .        (no shield)
rNeg    . . .        f - +0 chain mail
rPois   .            (no helmet)
rElec   .            (no cloak)
rCorr   .            (no gloves)
SInv    .            (no boots)
Will    .....        (no amulet) Stlth
                     (no ring)
HPRegen 0.25/turn    (no ring)
MPRegen 0.08/turn

%: no passive effects
@: drained, very slow
A: no striking features
a: Renounce Religion, Berserk


You were in a sewer.
You worshipped Trog.
Trog was aware of your devotion.
You visited 1 branch of the dungeon, and saw 3 of its levels.
You also visited: Sewer.

You collected 37 gold pieces.

Inventory:

Hand Weapons
 a - a +0 hand axe (weapon)
 e - a +0 trident
 g - a +0 falchion
Missiles
 c - 9 stones (quivered)
Armour
 f - a +0 chain mail (worn)
Wands
 d - a wand of charming (13)
 h - a wand of iceblast (14)
 i - a wand of flame (14)
Scrolls
 b - a scroll of enchant weapon {unknown}


   Skills:
 + Level 4.2 Fighting
 + Level 5.2 Axes
 + Level 2.3 Armour
 + Level 1.9 Dodging


You had 2 spell levels left.
You didn't know any spells.
Your spell library was empty.

Dungeon Overview and Level Annotations

Branches:
Dungeon (3/15)              Sewer (1/1)

Altars:


Message History

Moving in this stuff is going to be slow.
You recover from your berserk rage.
You enter the shallow water.
Moving in this stuff is going to be slow.
A rat comes into view.
You slash the rat!
You kill the rat!
Trog accepts your kill.
You enter the shallow water.
Moving in this stuff is going to be slow.
You open the door.
A hell rat comes into view.
The hell rat roars deafeningly!
Found seven items.
Found a gate leading back out of this place.
There is an open door here.
You enter the shallow water.
Moving in this stuff is going to be slow.
The hell rat splashes around in the water.
The hell rat barely misses you.
Your unstable footing causes you to fumble your attack.
The hell rat bites you.
You barely miss the hell rat.
The hell rat bites you but does no damage.
You hit the hell rat.
The hell rat is lightly wounded.
The hell rat bites you but does no damage.
You hit the hell rat but do no damage.
The hell rat is lightly wounded.
The hell rat barely misses you.
The hell rat splashes around in the water.
You hit the hell rat. Your punch misses the hell rat.
The hell rat is moderately wounded.
The hell rat bites you!
You closely miss the hell rat.
The hell rat is moderately wounded.
The hell rat bites you!
* * * LOW HITPOINT WARNING * * *
You feel drained.
You die...

#########
###~.~.~~~###
#.~~~~..~..~###
#~~...##'##~~.~~#
#~~.###~@~###~~~##
... #.~~r~~~##†~~#
~~ #~~~~~~...#~~.#
.~~##~)!!?!~##.~~#
.~~###!∩!###...##
.~~~~#####~~~.~#
#~~~~.∩.~~..###
#..~∩~.~###
#########


You could see a hell rat.

Vanquished Creatures
  2 adders (D:2)
  2 worms (D:3)
  3 ball pythons
  2 endoplasms
  3 giant cockroaches
  4 hobgoblins
  2 bats (D:1)
  A frilled lizard (D:3)
  2 kobolds (D:1)
  3 rats
24 creatures vanquished.

Vanquished Creatures (collateral kills)
  A bat (D:2)
1 creature vanquished.

Vanquished Creatures (others)
  A hobgoblin (D:3)
1 creature vanquished.

Grand Total: 26 creatures vanquished

Notes
Turn   | Place    | Note
-------+----------+-------------------------------------------
     0 | D:1      | Mickster the Hill Orc Berserker began the quest for the
                  | Orb.
     0 | D:1      | Reached XP level 1. HP: 19/19 MP: 1/1
   161 | D:1      | Reached XP level 2. HP: 27/27 MP: 2/2
   676 | D:2      | Reached XP level 3. HP: 27/33 MP: 3/3
   743 | D:2      | Reached skill level 5 in Axes
   893 | D:3      | Found a glowing drain.
   921 | Sewer    | Entered a sewer
   960 | Sewer    | Slain by a hell rat

Illustrated notes

Levels and vault maps discovered:
D:1:      minmay_arrival_widening_spiral_wide, layout_basic
D:2:      layout_loops_ring, minmay_misc_feat_rugged, grunt_ministairs_7,
          uniq_sigmund, uniq_natasha, uniq_crazy_yiuf_cottage
D:3:      layout_basic, cheibrodos_sewer_entry_sluice, mrwooster_statue_mirror,
          uniq_ijyb
Sewer:    sewer_hellmonk_bad_rat

Skill      XL: |  1  2  3 |
---------------+----------+-----
Fighting       | 4 |  4.2
Axes           | 5 |  5.2
Armour         | |  2.3
Dodging        | |  1.9

Action                     || total
---------------------------++-------
  Melee: Hand axe          ||    85
 Invoke: Berserk           ||     1
  Evoke: Wand              ||     3
    Use: Scroll            ||     2
         Potion            ||     1
 Armour: Animal skin       ||    12
         Chain mail        ||    16
  Dodge: Dodged            ||    66
